[Event "*** Titled Tuesday Blitz"]
[Site "Chess.com"]
[Date "2018.07.03"]
[Round "6"]
[White "Durarbayli"]
[Black "Bad4life"]
[Result "1-0"]
[WhiteElo "2659"]
[BlackElo "2424"]
[TimeControl "180+2"]
[EndTime "14:14:45 PDT"]
[Termination "Durarbayli won by checkmate"]

1. e4 d6 2. d4 Nf6 3. Nc3 g6 4.
Nf3 Bg7 5. h3 a6 6. Be3 O-O 7. Bd3 b5 8. Ne2 Nbd7 9. Ng3 c5 10.
c3 Bb7 11. Qd2 Re8 12. O-O Qc7 13. Rac1 e5 14. d5 Rab8 15. Bb1 c4 16. Bh6 Qd8 17. Bxg7 Kxg7 18. Qg5 Ng8 19. Nf5+ Kh8 20. Nxd6 f6 21.
Nf7+ Kg7 22. Nxd8 fxg5 23. Ne6+ Kh8 24. Nfxg5 Nh6 25. f4 exf4 26. Rxf4 Ne5 27. Rcf1 Kg8 28. Rh4 Nef7 29. Nxh7 g5 30. Nhxg5 Re7 31. Rf6 Bc8 32. Rg6+ Kh8 33. Nxf7+ Kh7 34. Rhxh6# 1-0

[Event "*** Titled Tuesday Blitz"]
[Site "Chess.com"]
[Date "2018.07.03"]
[Round "6"]
[White "Passacaglia23"]
[Black "LuisFSiles"]
[Result "1-0"]
[WhiteElo "2314"]
[BlackElo "2220"]
[TimeControl "180+2"]
[EndTime "14:14:56 PDT"]
[Termination "Passacaglia23 won by checkmate"]

1. d4 Nf6 2. c4 g6 3. f3 d5 4.
cxd5 Nxd5 5. e4 Nb6 6. Nc3 Bg7 7. Be3 O-O 8. Qd2 e5 9. d5 c6 10. h4 cxd5 11. exd5 N8d7 12. h5 Nf6 13. hxg6 fxg6 14. O-O-O e4 15. fxe4 Ng4 16. Bg5 Qe8 17. Nf3 Ne5 18.
Bh6 Nbc4 19. Qd4 Bxh6+ 20. Rxh6 b5 21. Bxc4 Nxc4 22. Rxh7 Kxh7 23. Rh1+ Kg8 24. Qh8+ Kf7 25. Rh7# 1-0

[Event "*** Titled Tuesday Blitz"]
[Site "Chess.com"]
[Date "2018.07.03"]
[Round "6"]
[White "florianschwabeneder"]
[Black "HanSchut"]
[Result "1-0"]
[WhiteElo "2465"]
[BlackElo "2266"]
[TimeControl "180+2"]
[EndTime "14:15:00 PDT"]
[Termination "florianschwabeneder won on time"]

1. b3 e5 2. Bb2 d6 3. e3 f5 4. d4 e4 5. d5 Nf6 6. c4 Be7 7. Nc3 O-O 8. Nh3 Nbd7 9. Nf4 Ne5 10. Be2 g5 11. Ne6 Bxe6 12. dxe6 Qc8 13. Nd5 Re8 14. Bxe5 dxe5 15. Nxf6+ Bxf6 16. c5 Kg7 17. Bc4 Re7 18.
O-O Qe8 19. Rc1 c6 20. Qe2 b5 21. cxb6 axb6 22. b4 Kg6 23. Rfd1 Rxe6 24. Bxe6 Qxe6 25.
Qc4 Qe7 26. Qxc6 Rxa2 27. Qxb6 Rb2 28. b5 f4 29. Qc6 Kf5 30. Rc4 fxe3 31. Qxe4+ Ke6 32.
Rc6+ Kf7 33. Qxh7+ Bg7 34. Qg6+ 1-0

[Event "*** Titled Tuesday Blitz"]
[Site "Chess.com"]
[Date "2018.07.03"]
[Round "6"]
[White "champ2005"]
[Black "Korchmar_Vasiliy"]
[Result "0-1"]
[WhiteElo "2711"]
[BlackElo "2707"]
[TimeControl "180+2"]
[EndTime "14:15:06 PDT"]
[Termination "Korchmar_Vasiliy won by resignation"]

1. e4 c5 2. b3 e6 3. Bb2 a6 4.
d4 cxd4 5. Qxd4 Nf6 6. Nc3 Nc6 7.
Qe3 Be7 8. O-O-O O-O 9. f4 d5 10. Nf3 Qa5 11. Kb1 dxe4 12. Nxe4 Nd5 13. Qc1 b5 14. a3 Bb7 15. Bd3 Rac8 16. Rhe1 Rfd8 17. g3 b4 18. a4 Nc3+ 19. Nxc3 bxc3 20. Ba3 Bxa3 21. Qxa3 Nb4 22. Ne5 Bd5 23. Nc4 Bxc4 24.
Bxc4 Rd2 25. Rxd2 cxd2 26. Rd1 Rd8 27. Qb2 Qh5 28. g4 Qxg4 0-1

[Event "*** Titled Tuesday Blitz"]
[Site "Chess.com"]
[Date "2018.07.03"]
[Round "6"]
[White "canwedoit"]
[Black "BillForster"]
[Result "1-0"]
[WhiteElo "2507"]
[BlackElo "1706"]
[TimeControl "180+2"]
[EndTime "14:15:25 PDT"]
[Termination "canwedoit won by resignation"]

1. e4 c5 2. Nf3 a6 3. c3 e6 4.
d4 d5 5. e5 Bd7 6. a4 h5 7.
Bd3 Nh6 8. Nbd2 Nf5 9. Nf1 g6 10. Ng3 Nc6 11. Nxf5 gxf5 12. O-O c4 13. Bc2 Be7 14. Bf4 Qa5 15. Qd2 O-O-O 16. b4 cxb3 17. Bxb3 Rdg8 18. Rfb1 h4 19. h3 Rh7 20. Qb2 Rhg7 21. Ne1 Nd8 22. c4 dxc4 23. Bxc4 Bc6 24. f3 Qxe1+ 25. Rxe1 Bxf3 26. Bf1 Nc6 27. Kh2 Nb4 28.
gxf3 Nd3 29. Bxd3 1-0

[Event "*** Titled Tuesday Blitz"]
[Site "Chess.com"]
[Date "2018.07.03"]
[Round "6"]
[White "DishonorOnYourCow"]
[Black "Mikhail_Golubev"]
[Result "0-1"]
[WhiteElo "2231"]
[BlackElo "2377"]
[TimeControl "180+2"]
[EndTime "14:15:33 PDT"]
[Termination "Mikhail_Golubev won by resignation"]

1. d4 Nf6 2. c4 g6 3. Nc3 Bg7 4. e4 d6 5. f4 O-O 6. Nf3 c5 7. d5 e6 8. dxe6 Bxe6 9. Bd3 Nc6 10. f5 gxf5 11. exf5 Bd7 12. O-O Ne5 13. Nxe5 dxe5 14. Bg5 Bc6 15. Qe2 Qd4+ 16. Kh1 Qg4 17. Qxg4 Nxg4 18. f6 Bh8 19. h3 h6 20. hxg4 hxg5 21. Rf5 Rfd8 22. Be4 Rd4 23. Rxg5+ Kf8 24. Bxc6 bxc6 25.
Rf1 Rad8 26. Rh5 Kg8 27. Rg5+ Kh7 28. Rf3 Kh6 29. Rff5 Bxf6 30. Rh5+ Kg6 31. Rh3 Rxg4 32. Rhf3 Rd6 33. Kh2 e4 34. Rf1 Rh4+ 35. Kg3 Rd3+ 0-1

[Event "*** Titled Tuesday Blitz"]
[Site "Chess.com"]
[Date "2018.07.03"]
[Round "6"]
[White "The_Unbeatable_One"]
[Black "ENEASZ"]
[Result "1-0"]
[WhiteElo "2664"]
[BlackElo "2507"]
[TimeControl "180+2"]
[EndTime "14:15:39 PDT"]
[Termination "The_Unbeatable_One won by checkmate"]

1. e4 d6 2. d4 Nf6 3. Bd3 e5 4. c3 Nc6 5. Nf3 Bg4 6. d5 Ne7 7. h3 Bd7 8. c4 Ng6 9. Nc3 Be7 10. Be3 O-O 11. Qd2 c6 12. O-O a6 13. Rfd1 cxd5 14.
cxd5 Nh5 15. a4 Nhf4 16. Bf1 f5 17. a5 fxe4 18. Nh2 Bf5 19. Ra4 Qd7 20. b3 Nh4 21. Nxe4 h6 22. Ng3 Bh7 23. Bxf4 exf4 24. Rxf4 Bg5 25.
Rxf8+ Rxf8 26. Qe2 Qd8 27. Qe6+ Kh8 28. Bd3 Bxd3 29.
Rxd3 Qxa5 30. Ng4 Qa1+ 31. Kh2 Bf4 32. Qe7 Ng6 33. Qe4 Ne5 34. Nxe5 Bxe5 35. Rf3 Re8 36. Qg6 Rg8 37. Rf7 Qb2 38. f4 Bf6 39. Nh5 Qf2 40.
Rxf6 gxf6 41. Qxh6# 1-0

[Event "*** Titled Tuesday Blitz"]
[Site "Chess.com"]
[Date "2018.07.03"]
[Round "6"]
[White "ChrisTool2"]
[Black "Rickstereo"]
[Result "1-0"]
[WhiteElo "2270"]
[BlackElo "2163"]
[TimeControl "180+2"]
[EndTime "14:15:41 PDT"]
[Termination "ChrisTool2 won on time"]

1. d4 Nf6 2. c4 c5 3. e3 e6 4. Nf3 b6 5. Nc3 Be7 6. Bd3 O-O 7. O-O Bb7 8. b3 cxd4 9. exd4 d5 10. Bb2 dxc4 11. bxc4 Nc6 12. Qe2 Rc8 13. Rad1 Qc7 14.
Rfe1 Rfe8 15. Bb1 a6 16. Ne4 Na5 17. d5 Qxc4 18. Bd3 Qxa2 19. d6 Bxe4 20. Bxe4 Bd8 21. Bxf6 Qxe2 22. Rxe2 1-0

[Event "*** Titled Tuesday Blitz"]
[Site "Chess.com"]
[Date "2018.07.03"]
[Round "6"]
[White "Zq1"]
[Black "GameOverBro"]
[Result "1/2-1/2"]
[WhiteElo "2510"]
[BlackElo "2445"]
[TimeControl "180+2"]
[EndTime "14:15:47 PDT"]
[Termination "Game drawn by repetition"]

1. d4 d6 2. Nf3 Nf6 3. c4 Nbd7 4. Nc3 e5 5. e4 Be7 6. Be2 O-O 7. O-O c6 8. Qc2 a5 9. Rd1 Qc7 10. Be3 Ng4 11. Bd2 Re8 12. h3 Ngf6 13. Be3 exd4 14.
Nxd4 Nc5 15. Bf3 Bf8 16. Rac1 Bd7 17. b3 Rad8 18. a3 h6 19. b4 axb4 20. axb4 Na6 21. b5 Nc5 22. Nb3 Nxb3 23. Qxb3 c5 24. b6 Qc8 25. Bf4 Bc6 26. Re1 Nd7 27. Bg4 Qb8 28. Nd5 Bxd5 29. exd5 Nf6 30. Bf3 Rxe1+ 31. Rxe1 Re8 32.
Qb1 Rxe1+ 33. Qxe1 Qd8 34. Qb1 Nd7 35. Bd2 Qxb6 36.
Qf5 Ne5 37. Be4 g6 38. Qf6 Nxc4 39. Bxg6 fxg6 40. Qxg6+ Bg7 41. Qe6+ Kf8 42. Qf5+ Kg8 43. Qe6+ Kf8 44. Qf5+ Ke7 45. Qe6+ Kf8 1/2-1/2

[Event "*** Titled Tuesday Blitz"]
[Site "Chess.com"]
[Date "2018.07.03"]
[Round "6"]
[White "Spring199"]
[Black "Mimsychess"]
[Result "1-0"]
[WhiteElo "2194"]
[BlackElo "2293"]
[TimeControl "180+2"]
[EndTime "14:15:53 PDT"]
[Termination "Spring199 won by resignation"]

1. d4 f5 2. Nf3 Nf6 3. Bf4 e6 4. e3 b6 5. Bd3 Bb7 6. Nbd2 Be7 7. Qe2 O-O 8. h3 Ne4 9. O-O-O d6 10. g4 Nd7 11.
Rhg1 Kh8 12. gxf5 exf5 13. Rg2 Nxd2 14. Rxd2 g6 15. Rd1 Nf6 16. Rdg1 Nh5 17. Bh6 Rf7 18. e4 fxe4 19. Bxe4 Bxe4 20. Qxe4 d5 21. Ne5 Rf6 22. Qg4 Bf8 23. Bg5 Qd6 24. Bxf6+ Nxf6 25. Qh4 Kg8 26. Qg5 Ne4 27. Qf4 Bg7 28. Qf7+ Kh8 29. Nxg6+ hxg6 30. Rxg6 Bh6+ 31. Kb1 Rf8 32. Rg8+ 1-0

[Event "*** Titled Tuesday Blitz"]
[Site "Chess.com"]
[Date "2018.07.03"]
[Round "6"]
[White "nickmatta"]
[Black "CarlssonLudvig"]
[Result "1/2-1/2"]
[WhiteElo "2278"]
[BlackElo "2132"]
[TimeControl "180+2"]
[EndTime "14:15:56 PDT"]
[Termination "Game drawn - insufficient material"]

1. e4 e5 2. Nf3 Nc6 3. Bb5 a6 4. Ba4 Nf6 5. O-O Be7 6. d3 b5 7. Bb3 d6 8. c3 O-O 9. a4 b4 10. d4 bxc3 11. bxc3 Bg4 12. Be3 h6 13. h3 Bxf3 14.
Qxf3 exd4 15. cxd4 Rb8 16. Bc4 d5 17. exd5 Nb4 18. Nc3 Qd7 19. Rab1 Rbd8 20. Rfc1 Nbxd5 21. Nxd5 Nxd5 22. Bxd5 Qxd5 23. Qxd5 Rxd5 24. Rxc7 Bf6 25. Rc6 Rfd8 26. Rxa6 Bxd4 27. Bxd4 Rxd4 28. a5 Ra4 29. Ra7 Rd2 30. Rb8+ Kh7 31. Rbb7 Ra1+ 32. Kh2 Rxf2 33. Rxf7 Rxf7 34. Rxf7 Rxa5 35. Rf4 Kg6 36. Rc4 h5 37. Kg3 Kg5 38. h4+ Kh6 39. Rc6+ Kh7 40. Kh3 Ra3+ 41. g3 Ra2 42. Rc5 g6 43. Rg5 Ra6 44. g4 Ra3+ 45. Kg2 hxg4 46. Rxg4 Kh6 47.
Rc4 Kh5 48. Re4 Ra5 49. Kh3 Ra3+ 50. Kg2 Rb3 51. Rd4 Rc3 52. Re4 g5 53. hxg5 Kxg5 54.
Kf2 Kf5 55. Rb4 Ke5 56. Ke2 Rh3 57. Rb5+ Kf4 58. Rb4+ Ke5 59. Rb5+ Kd4 60. Rb4+ Kc3 61. Rg4 Kc2 62. Rc4+ Kb2 63. Rg4 Rh8 64. Kf3 Rf8+ 65. Rf4 Rxf4+ 66. Kxf4 1/2-1/2

[Event "*** Titled Tuesday Blitz"]
[Site "Chess.com"]
[Date "2018.07.03"]
[Round "6"]
[White "W_Amadeus"]
[Black "pedromartinez91"]
[Result "0-1"]
[WhiteElo "2583"]
[BlackElo "2447"]
[TimeControl "180+2"]
[EndTime "14:15:58 PDT"]
[Termination "pedromartinez91 won by resignation"]

1. d4 Nf6 2. c4 g6 3. Nc3 Bg7 4. e4 O-O 5. Nf3 c6 6. Bd3 d5 7. cxd5 cxd5 8. e5 Ne8 9. h3 Nc6 10. O-O f6 11. exf6 Nxf6 12. Bg5 e6 13. Re1 Qd6 14. Nb5 Qb8 15. Qd2 Nh5 16. Be2 a6 17. Nc3 Nf4 18. Bf1 Nxh3+ 19. Kh1 Nxg5 20. Qxg5 Qf4 21.
Qxf4 Rxf4 22. Ne2 Rf8 23. Rac1 Bd7 24. Rc3 Rac8 25. Rec1 Nb4 26. a3 Rxc3 27. Rxc3 Nc6 28. g3 e5 29. dxe5 Nxe5 30. Nxe5 Bxe5 31. Rc2 Rxf2 32.
Kg1 Rf8 33. Bg2 Bc6 34. Rd2 d4 35. Bxc6 bxc6 36. Nxd4 Rd8 37. Nf3 Rxd2 38. Nxd2 Bxb2 39. a4 Kf7 40. Nc4 Bd4+ 41. Kg2 Ke6 42. Kf3 Kd5 0-1

[Event "*** Titled Tuesday Blitz"]
[Site "Chess.com"]
[Date "2018.07.03"]
[Round "6"]
[White "pultineviciuspaulius"]
[Black "abubakrtagelsir"]
[Result "1-0"]
[WhiteElo "2615"]
[BlackElo "2455"]
[TimeControl "180+2"]
[EndTime "14:16:21 PDT"]
[Termination "pultineviciuspaulius won by resignation"]

1. Nf3 Nf6 2. d4 d5 3. c4 c6 4. Nc3 dxc4 5. a4 Bf5 6. Ne5 Nbd7 7. Nxc4 Nb6 8. Ne5 a5 9. h4 h6 10. f3 Nfd7 11. e4 Nxe5 12. exf5 Nec4 13. b3 Nd6 14. Bd3 Qd7 15. Qc2 O-O-O 16. Bf4 e6 17. fxe6 Qxe6+ 18. Kf2 g6 19. Rae1 Qd7 20. Be5 Rg8 21. d5 Kb8 22. Rc1 Bg7 23. Bxg7 Rxg7 24. Rhd1 Qe7 25. dxc6 Qxh4+ 26.
Kg1 bxc6 27. Ne4 Nxe4 28. Bxe4 f5 29. Qxc6 Rxd1+ 30. Rxd1 Ka7 31. Qc3 fxe4 32. Qxg7+ Ka6 33. Qxg6 exf3 34. Qd3+ Kb7 35. Qxf3+ Ka6 36. Qf1+ Kb7 37. Qf3+ Ka6 38. Qc6 Qf4 39. Qb5+ Kb7 40. Rd7+ Kc8 41.
Qc6+ 1-0

[Event "*** Titled Tuesday Blitz"]
[Site "Chess.com"]
[Date "2018.07.03"]
[Round "6"]
[White "rekosheten"]
[Black "Roachelley"]
[Result "0-1"]
[WhiteElo "2336"]
[BlackElo "2310"]
[TimeControl "180+2"]
[EndTime "14:16:21 PDT"]
[Termination "Roachelley won on time"]

1. e4 c5 2. Nf3 d6 3. d4 cxd4 4. Nxd4 Nf6 5. Nc3 Nc6 6. Bc4 Bd7 7. O-O g6 8. Kh1 Bg7 9. Nde2 O-O 10. Bg5 Rc8 11. Qc1 Ne5 12. Bb3 b5 13. Nf4 h6 14.
Bxf6 Bxf6 15. Nxg6 Nxg6 16. Qxh6 e6 17. Rad1 Bg7 18.
Qd2 Bc6 19. a3 Qb6 20. f4 Bxc3 21. Qxc3 Bxe4 22. Qf6 Bf5 23. Rd3 Bxd3 24. cxd3 Qd8 25. Qd4 Qh4 26. g3 Qh3 27. Re1 Rc5 28. Qf6 Rf5 29.
Qc3 Kh7 30. Qc7 Nxf4 0-1

[Event "*** Titled Tuesday Blitz"]
[Site "Chess.com"]
[Date "2018.07.03"]
[Round "6"]
[White "2Tilted"]
[Black "SamCopeland"]
[Result "1-0"]
[WhiteElo "2302"]
[BlackElo "1960"]
[TimeControl "180+2"]
[EndTime "14:16:23 PDT"]
[Termination "2Tilted won by checkmate"]

1. d4 f5 2. Bg5 g6 3. Nc3 Bg7 4. e4 fxe4 5. Nxe4 d5 6. Nc3 Nf6 7. Nf3 Nc6 8. Bb5 Bg4 9. h3 Bxf3 10. Qxf3 Qd6 11. Bf4 Qb4 12. O-O-O O-O 13. a3 Qa5 14. Qe3 Rae8 15. Qe6+ Kh8 16. Bxc6 bxc6 17. Qxc6 Rc8 18. Rhe1 Ne4 19. Nxe4 Rxf4 20. Ng5 Bh6 21. Re5 Rxf2 22. Kb1 Rb8 23. a4 Qb4 24. b3 Bg7 25. Rxd5 Qa3 26. Rb5 Rxb5 27. axb5 Bf6 28. Qe8+ Kg7 29. Qf7+ Kh6 30. Nf3 Qb4 31. Qf8+ Kh5 32. g4# 1-0

[Event "*** Titled Tuesday Blitz"]
[Site "Chess.com"]
[Date "2018.07.03"]
[Round "6"]
[White "Parhamov"]
[Black "moro182"]
[Result "1-0"]
[WhiteElo "2773"]
[BlackElo "2636"]
[TimeControl "180+2"]
[EndTime "14:16:32 PDT"]
[Termination "Parhamov won by checkmate"]

1. Nc3 Nf6 2. d4 d5 3. Bf4 a6 4.
f3 e6 5. g4 c5 6. e3 Nc6 7. Qd2 Bd6 8. Nge2 Bxf4 9. Nxf4 Qd6 10.
g5 Nd7 11. h4 b5 12. h5 Bb7 13.
O-O-O O-O-O 14. Bh3 g6 15. Nce2 Kb8 16. hxg6 hxg6 17.
Bg4 Nb6 18. dxc5 Qxc5 19. b3 Rxh1 20. Rxh1 d4 21. exd4 Nxd4 22. Nxd4 Rxd4 23. Nd3 Qa3+ 24. Kb1 Nd5 25. c3 Rxd3 26. Qxd3 Qc5 27. Kb2 b4 28. cxb4 Nxb4 29. Qc3 Qf2+ 30. Ka3 a5 31. Qe5+ Kc8 32.
Bxe6+ fxe6 33. Rh8+ Kd7 34. Rh7+ Kc6 35. Qc7+ Kd5 36.
Qxa5+ Kc6 37. Qc7+ Kd5 38. Rd7# 1-0

[Event "*** Titled Tuesday Blitz"]
[Site "Chess.com"]
[Date "2018.07.03"]
[Round "6"]
[White "BasilSmash"]
[Black "djamir"]
[Result "0-1"]
[WhiteElo "2430"]
[BlackElo "2604"]
[TimeControl "180+2"]
[EndTime "14:16:43 PDT"]
[Termination "djamir won by checkmate"]

1. d4 Nf6 2. Nf3 e6 3. Bf4 Nh5 4. Bg5 Be7 5. Bxe7 Qxe7 6. c3 d6 7. e4 b6 8. Nbd2 Bb7 9. e5 Nd7 10. Bb5 Nf4 11. g3 Ng6 12. Qe2 a6 13. Bd3 dxe5 14. Bxg6 hxg6 15. dxe5 g5 16. O-O-O g4 17. Nd4 c5 18. Nc2 Bxh1 19. Rxh1 Qg5 20. Re1 Rxh2 21.
Kb1 Ke7 22. Ne4 Qxe5 23. Qxg4 Nf6 24. Nxf6 Qxf6 25. Qe4 Rd8 26. f4 Kf8 27. Ne3 Rdd2 28. Nc4 Rd8 29. g4 Qe7 30. Ne5 Qd6 31. Qb7 Qd1+ 32.
Rxd1 Rxd1# 0-1

[Event "*** Titled Tuesday Blitz"]
[Site "Chess.com"]
[Date "2018.07.03"]
[Round "6"]
[White "PaulfromSPb"]
[Black "evgenysharapov"]
[Result "1-0"]
[WhiteElo "2521"]
[BlackElo "2393"]
[TimeControl "180+2"]
[EndTime "14:16:44 PDT"]
[Termination "PaulfromSPb won by resignation"]

1. e4 c5 2. Nf3 d6 3. d4 cxd4 4. Nxd4 Nf6 5. Nc3 Nc6 6. Bg5 Qb6 7. Nb3 e6 8. Bxf6 gxf6 9. Be2 a6 10. Qd2 Bd7 11.
Bh5 Rg8 12. g4 Rg7 13. O-O-O O-O-O 14. Na4 Qc7 15. Qe3 Kb8 16. Nc3 Ne5 17. Rhg1 Nc4 18. Qd3 Rc8 19. Rg3 Be7 20. f4 Be8 21. Kb1 Rg8 22.
Nd2 Nxd2+ 23. Qxd2 Rf8 24. f5 Qc5 25. Rd3 Bb5 26.
Nxb5 Qxb5 27. Rb3 Qe5 28. Qd3 Ka7 29. a3 Rc7 30. Qe3+ Qc5 31. Qe2 Qe5 32. Rdd3 Rfc8 33. Bxf7 Rxc2 34. Qxc2 Rxc2 35. Kxc2 exf5 36. Bd5 b5 37.
gxf5 Qxh2+ 38. Rd2 Qf4 39. Rc3 Bd8 40. Rc8 h5 41.
Rxd8 h4 42. Rh8 Qg3 43. Rd3 Qg2+ 44. Kb3 Qg4 45. Rc3 a5 46. Rh7+ Kb8 47. Rb7+ 1-0

[Event "*** Titled Tuesday Blitz"]
[Site "Chess.com"]
[Date "2018.07.03"]
[Round "6"]
[White "Gr3egor"]
[Black "Triumphmate"]
[Result "1-0"]
[WhiteElo "2385"]
[BlackElo "2227"]
[TimeControl "180+2"]
[EndTime "14:16:50 PDT"]
[Termination "Gr3egor won by checkmate"]

1. d4 Nf6 2. c4 e6 3. Nc3 d5 4. cxd5 exd5 5. Bg5 Bb4 6. e3 h6 7. Bxf6 Qxf6 8. Nf3 c6 9. Bd3 Be6 10. O-O O-O 11. Ne5 Nd7 12. f4 Qe7 13. f5 Nxe5 14.
dxe5 Bxc3 15. bxc3 Bd7 16. f6 Qxe5 17. fxg7 Qxe3+ 18. Kh1 Rfe8 19. Qh5 Re7 20. Qh4 Rae8 21. Rf3 Qg5 22. Qf2 c5 23. Rf1 Be6 24. Qxc5 b6 25. Qd4 Bc8 26. Bb1 Re1 27. Qd3 f5 28. Qxd5+ Kxg7 29.
Qd4+ Kg6 30. h4 Qc1 31. Qd6+ R8e6 32. Qg3+ Kf6 33. Rxf5+ Ke7 34. Rf7+ Ke8 35. Qg8# 1-0

[Event "*** Titled Tuesday Blitz"]
[Site "Chess.com"]
[Date "2018.07.03"]
[Round "6"]
[White "Irochka83"]
[Black "Caterpiller35"]
[Result "1-0"]
[WhiteElo "2263"]
[BlackElo "2290"]
[TimeControl "180+2"]
[EndTime "14:16:53 PDT"]
[Termination "Irochka83 won on time"]

1. d4 Nf6 2. c4 e6 3. Nc3 Bb4 4.
e3 Ne4 5. Qc2 f5 6. Bd3 O-O 7.
Bxe4 fxe4 8. Qxe4 d5 9. Qd3 Qg5 10. g3 b6 11. f4 Qg4 12. cxd5 exd5 13. Qe2 Qg6 14. Nf3 c5 15. Ne5 Qe4 16. Qf3 cxd4 17. Qxe4 dxe4 18. exd4 Bb7 19. Be3 Nc6 20. Kf2 Rfd8 21.
Rhd1 Rac8 22. Rac1 Ne7 23. Nb1 Nf5 24. a3 Bd6 25. Nc3 h5 26. d5 Kh7 27. Nxe4 Rxc1 28. Rxc1 Bxe5 29. fxe5 Rxd5 30. Rc7 Rxe5 31. Ng5+ Kg6 32.
Bf4 Re7 33. Rc3 Nd4 34. Rd3 Re2+ 35. Kf1 Bg2+ 36. Kg1 1-0

[Event "*** Titled Tuesday Blitz"]
[Site "Chess.com"]
[Date "2018.07.03"]
[Round "6"]
[White "Micki-taryan"]
[Black "penguingm1"]
[Result "0-1"]
[WhiteElo "2849"]
[BlackElo "2783"]
[TimeControl "180+2"]
[EndTime "14:16:54 PDT"]
[Termination "penguingm1 won by checkmate"]

1. e4 e5 2. Nf3 Nc6 3. Bb5 a6 4. Ba4 Nf6 5. O-O Be7 6. d3 b5 7. Bb3 d6 8. Bd2 O-O 9. a4 b4 10. a5 Rb8 11. Bg5 Rb5 12. Ba4 Rxa5 13. Nbd2 Nd4 14. Nc4 Rc5 15. Nfd2 d5 16. Bxf6 Bxf6 17. Ne3 Be6 18. Bb3 Nxb3 19. Nxb3 Rc6 20. exd5 Bxd5 21.
Nxd5 Qxd5 22. Ra5 Qd6 23. Nd2 Rd8 24. Qb1 Qe6 25. b3 Rd5 26. Ra4 Be7 27. Qa2 Bc5 28. Ne4 Be7 29. Re1 h6 30. Nd2 Bc5 31. Ne4 Bd4 32. Rxb4 f5 33. Rb8+ Kh7 34. Ng3 Bc3 35.
Rf1 Ra5 36. Qb1 Ra1 37. Qxa1 Bxa1 38. Rxa1 Rxc2 39. h4 Qg6 40. h5 Qg4 41. Nf1 f4 42.
Rxa6 Qe2 43. Kh2 Qxh5+ 44. Kg1 Qe2 45. Kh2 Qxf2 46. Rg6 Kxg6 47. Rb6+ cxb6 48. Ne3 Qxe3 49. b4 Qg3+ 50. Kh1 Qxg2# 0-1

[Event "*** Titled Tuesday Blitz"]
[Site "Chess.com"]
[Date "2018.07.03"]
[Round "6"]
[White "AndrewDGreen"]
[Black "destroyer305"]
[Result "1-0"]
[WhiteElo "2185"]
[BlackElo "2294"]
[TimeControl "180+2"]
[EndTime "14:16:54 PDT"]
[Termination "AndrewDGreen won by resignation"]

1. d4 Nf6 2. Nf3 c5 3. d5 e6 4. c4 exd5 5. cxd5 d6 6. Nc3 g6 7.
Bf4 Bg7 8. Qa4+ Bd7 9. Qb3 b5 10. Nxb5 Qa5+ 11. Nc3 Ne4 12. Rc1 O-O 13. e3 Na6 14.
Qc4 Nxc3 15. bxc3 Nc7 16. a4 Bxa4 17. Bxd6 Nxd5 18. Bd3 Bxc3+ 19. Kf1 Bb2 20. Qxc5 Qxc5 21. Rxc5 Nb4 22. Be4 Rfc8 23. Bxa8 Rxa8 24. h4 a5 25.
Bc7 Ba3 26. Rxa5 Rxa5 27. Bxa5 Bb5+ 28. Kg1 Nd3 29. Be1 Bc6 30. Bc3 Bd6 31. h5 f5 32.
hxg6 hxg6 33. Rh8+ Kf7 34. Rh7+ Ke6 35. Ng5+ Kd5 36.
Rg7 Be8 37. Rg8 Bc6 38. Rxg6 f4 39. e4+ Kc5 40. Bd4+ Kxd4 41. Rxd6+ Kc5 42. Rxd3 1-0

[Event "*** Titled Tuesday Blitz"]
[Site "Chess.com"]
[Date "2018.07.03"]
[Round "6"]
[White "VerdeNotte"]
[Black "Mbneu"]
[Result "1-0"]
[WhiteElo "2605"]
[BlackElo "2248"]
[TimeControl "180+2"]
[EndTime "14:16:55 PDT"]
[Termination "VerdeNotte won on time"]

1. Nf3 d5 2. g3 e6 3. Bg2 c5 4.
b3 Nc6 5. Bb2 Nf6 6. e3 Be7 7. O-O O-O 8. c4 d4 9. exd4 cxd4 10. Re1 Bc5 11. Ne5 Nxe5 12. Rxe5 Bd6 13. Bxd4 Bxe5 14. Bxe5 Nd7 15. Bc3 Re8 16. d4 e5 17. dxe5 Nc5 18. Nd2 Bf5 19. Nf3 Qc7 20.
Qd4 Rad8 21. Qf4 Bg6 22. h4 Rd3 23. Bb4 Ne6 24. Qc1 Red8 25. Bd6 Qb6 26. c5 Qa5 27. b4 Qxb4 28. c6 Qb6 29. cxb7 Qxb7 30. Ne1 Be4 31.
Bxe4 Qxe4 32. Nxd3 Qxd3 33. Qe3 Qd5 34. f3 Nd4 35.
Rf1 Nf5 36. Qg5 Qd4+ 37. Kh2 Qb2+ 38. Kh3 Rxd6 39. exd6 g6 40. d7 1-0

[Event "*** Titled Tuesday Blitz"]
[Site "Chess.com"]
[Date "2018.07.03"]
[Round "6"]
[White "dachessmandan"]
[Black "EndgameGrinder"]
[Result "0-1"]
[WhiteElo "2422"]
[BlackElo "2462"]
[TimeControl "180+2"]
[EndTime "14:16:58 PDT"]
[Termination "EndgameGrinder won by checkmate"]

1. e4 c5 2. Nf3 e6 3. d4 cxd4 4. Nxd4 Nc6 5. Be3 Nf6 6. f3 d5 7. exd5 Nxd5 8. Bf2 Bc5 9. Bb5 O-O 10. Bxc6 bxc6 11. O-O Qb6 12. c3 Ba6 13. Nb3 Bxf2+ 14. Rxf2 e5 15. N1d2 Rad8 16. a4 Nf4 17. a5 Qe3 18.
Qe1 Qxe1+ 19. Rxe1 Nd3 20. Re4 Nxf2 21. Kxf2 f6 22.
Rb4 Rb8 23. Ne4 Rxb4 24. cxb4 Bc4 25. Nbd2 Bd5 26. Nc3 Kf7 27. b5 Ke6 28. bxc6 Bxc6 29. b4 Rb8 30. Nde4 Bxe4 31. Nxe4 Rxb4 32. Nc5+ Kd5 33.
Nd7 Rb2+ 34. Kg3 Ra2 35. h4 Rxa5 36. h5 Ra1 37. Kg4 a5 38. Kf5 a4 39. Nb6+ Kc6 40.
Nc4 a3 41. h6 gxh6 42. Kxf6 a2 43. Na5+ Kd5 44. Nb3 Rb1 45. Nd2 a1=Q 46. Ne4 Re1 47.
g4 Rxe4 48. g5 Rf4+ 49. Kg7 hxg5 50. Kh6 Qa6+ 51. Kh5 Rh4+ 52. Kxg5 Qh6+ 53. Kf5 Rf4# 0-1

[Event "*** Titled Tuesday Blitz"]
[Site "Chess.com"]
[Date "2018.07.03"]
[Round "6"]
[White "Karina_Oparina"]
[Black "Goala"]
[Result "0-1"]
[WhiteElo "2197"]
[BlackElo "2423"]
[TimeControl "180+2"]
[EndTime "14:17:02 PDT"]
[Termination "Goala won by checkmate"]

1. Nf3 Nf6 2. g3 b6 3. Bg2 Bb7 4. O-O c5 5. c4 e6 6. d4 cxd4 7. Qxd4 a6 8. Nc3 Qc7 9. Bg5 Be7 10.
Rac1 d6 11. b3 Nbd7 12. Rfd1 O-O 13. e4 Rac8 14. h4 Rfe8 15. Be3 Qb8 16. Nd2 Ba8 17. Qd3 Ne5 18. Qe2 Bf8 19. Nf3 Nxe4 20. Nxe4 Bxe4 21.
Nxe5 Bxg2 22. Nd7 Qb7 23. Nxb6 Bf3 24. Qd3 Rcd8 25. Rd2 Be7 26. Na4 Bh1 27. Qf1 h6 28. Nc3 Bf3 29. Ne2 Qe4 30. Nd4 Bg4 31. Qg2 Qg6 32.
f3 Bf5 33. Nc6 Rc8 34. Nxe7+ Rxe7 35. g4 Bd3 36. Rc3 Bb1 37. h5 Qh7 38. Rxd6 Ree8 39. Qd2 e5 40. Rc1 e4 41. Rxb1 exf3 42. Re1 Qe4 43.
Bf2 Qxg4+ 44. Kh1 Qg2# 0-1

[Event "*** Titled Tuesday Blitz"]
[Site "Chess.com"]
[Date "2018.07.03"]
[Round "6"]
[White "Martins-BR"]
[Black "Blitzstream"]
[Result "0-1"]
[WhiteElo "2317"]
[BlackElo "2471"]
[TimeControl "180+2"]
[EndTime "14:17:08 PDT"]
[Termination "Blitzstream won by resignation"]

1. e4 e5 2. Nf3 Nf6 3. Nxe5 d5 4. exd5 Qxd5 5. d4 Nc6 6. Nxc6 Qxc6 7. Nc3 Bb4 8. Bd2 O-O 9. f3 Qb6 10. Bg5 Nd5 11.
Qd3 Bf5 12. Qxf5 Nxc3 13. Kf2 Qxd4+ 14. Be3 Nd1+ 15. Rxd1 Qxd1 16. Bd3 g6 17. Rxd1 gxf5 18. Bxf5 Rad8 19. Bd3 Kg7 20. a3 Ba5 21. Kf1 Bb6 22. Bc1 c6 23. g4 Rfe8 24. h4 Be3 25. Bxe3 Rxe3 26. Kf2 Re7 27. h5 h6 28. Rg1 f6 29. f4 Rd5 30. Rg3 b5 31. b4 a6 32.
Rf3 c5 33. bxc5 Rxc5 34. Rg3 Rd5 35. Rg1 Kf8 36. Ra1 Rd4 37. Kf3 Ra4 38. Bf5 b4 39.
Rb1 Rxa3+ 40. Kf2 a5 41. Rd1 b3 42. cxb3 Rxb3 43. Rd8+ Kg7 44. Ra8 Ra3 45. Ra6 Rb7 46. Ke2 Rb2+ 0-1